 Dungeon Crawl Stone Soup version 0.28.0-53-g5a82cb258f (webtiles) character file.

Game seed: 2430164261480591993

3 Descartes the Ducker (level 1, -1/11 HPs)
             Began as an Octopode Wanderer on June 22, 2022.
             Slain by a jackal (2 damage)
             ... on level 1 of the Dungeon.
             The game lasted 00:00:59 (56 turns).

Descartes the Ducker (Octopode Wanderer)              Turns: 56, Time: 00:01:00

Health: -1/11      AC:  3    Str: 12    XL:     1   Next: 50%
Magic:  2/2        EV: 14    Int: 11    God:
Gold:   1          SH:  0    Dex: 13    Spells: 2/2 levels left

rFire   . . .      SeeInvis .   a - +0 mace
rCold   . . .      Faith    .   (no shield)
rNeg    . . .      Spirit   .   b - +2 hat
rPois   .          Reflect  .   (no amulet)
rElec   .          Harm     .   (no ring)
rCorr   .          Rampage  .   (no ring)
Will    .....                   (no ring)
Stlth   ++........              (no ring)
HPRegen 0.03/turn               (no ring)
MPRegen 0.08/turn               (no ring)
                                (no ring)
                                (no ring)

@: no status effects
A: almost no armour, amphibious, 8 rings, camouflage 1, gelatinous body 1,
(nimble swimmer 1), tentacles
a: no special abilities


You were on level 1 of the Dungeon.
You visited 1 branch of the dungeon, and saw 1 of its levels.

You collected 1 gold pieces.

Inventory:

Hand Weapons
 a - a +0 mace (weapon)
Armour
 b - a +2 hat (worn)
Wands
 c - a wand of polymorph (4) (quivered)
Potions
 d - 2 potions of curing {unknown}


   Skills:
 + Level 0.1 Short Blades
 - Level 2.0 Maces & Flails
 + Level 5.0 Dodging
 + Level 0.2 Stealth
 + Level 1.0 Spellcasting
 + Level 0.1 Fire Magic
 + Level 0.1 Air Magic
 + Level 0.1 Poison Magic
 + Level 2.2 Evocations


You had 2 spell levels left.
You didn't know any spells.
Your spell library contained the following spells:

 Spells                   Type           Power      Damage    Failure   Level
 Ignite Poison            Fire/Tmut/Pois 0%         N/A       67%         3
 Mephitic Cloud           Conj/Pois/Air  0%         N/A       67%         3
 Freezing Cloud           Conj/Ice/Air   0%         6-21      100%        5


Dungeon Overview and Level Annotations

Branches:
Dungeon (1/15)

Altars:


Innate Abilities, Weirdness & Mutations

You cannot wear most types of armour.
You are amphibious.
You can wear up to eight rings at the same time.
Your skin changes colour to match your surroundings (Stealth+).
Your rubbery body absorbs attacks. (AC +1, EV +1)
((You are camouflaged when in or above water. (Stealth+)))
You have tentacles for arms and can constrict up to eight enemies at once.


Message History

No target in view!
No target in view!
A bat comes into view.
A rat comes into view.
Found a mace.
A jackal comes into view.
You hit the rat.
You kill the rat!
The bat hits you but does no damage. The bat closely misses you.
You barely miss the bat. Your grab misses the bat. Your squeeze misses the bat.
The bat closely misses you.
A goblin and an endoplasm come into view.
The goblin shouts!
The endoplasm quivers.
The bat hits you but does no damage.
A jackal comes into view.
The jackal barks!
You hear a shout!
The bat misses you.
Found a thin glowing staff.
A giant cockroach comes into view.
The bat hits you but does no damage.
The jackal barks!
You sock the bat!
You kill the bat!
The goblin barely misses you.
A kobold comes into view. It is wielding a +0 club.
You closely miss the jackal. You grab the jackal. You constrict the jackal.
The goblin closely misses you. The endoplasm freezes you.
You are frozen.
The jackal barely misses you. The goblin hits you with a +0 dagger.
The endoplasm freezes you.
You are frozen.
* * * LOW HITPOINT WARNING * * *
You release your grip on the jackal.
The giant cockroach closely misses you. The goblin hits you with a +0 dagger.
* * * LOW HITPOINT WARNING * * *
The goblin misses you. The jackal bites you.
You die...

#. ##..# .#.. .#.# ..#.#
#..### .....##.... ..#
......#...# #.#
|...K.....# #.#
........g.####### #.#
......).hB@.....# #.#
........Jh#####.# #.#
.#...##.#.# ##.## #†#
.... ...#.####...###.#
############...#.....#
######8#########...#####
#...........# ##.##
#...........# #.#
#..⌠.....⌠..# ##.#


You could see an endoplasm, 2 jackals, a giant cockroach, a goblin and a kobold.

Vanquished Creatures
  A bat (D:1)
  A frilled lizard (D:1)
  2 rats (D:1)
4 creatures vanquished.

Notes
Turn   | Place    | Note
-------+----------+-------------------------------------------
     0 | D:1      | Descartes the Octopode Wanderer began the quest for the
                  | Orb.
     0 | D:1      | Descartes set off with the following items: a +0 mace, a +2
                  | hat, a wand of polymorph (4)
     0 | D:1      | Reached XP level 1. HP: 11/11 MP: 2/2
    56 | D:1      | Slain by a jackal

Illustrated notes

Levels and vault maps discovered:
D:1:      psy_arrival_statuary, layout_loops_ring,
          chequers_ecumenical_altar_twisty

Action                   || total
-------------------------++-------
Melee: Mace              ||     7
       Constrict         ||     2
 Stab: Sleeping          ||     1
Armor: Skin              ||     4
Dodge: Dodged            ||    10
